 Dungeon Crawl Stone Soup version 0.19-a0-812-g33f3bc8 (webtiles) character file.

156 Implojin the Chopper (level 5, -4/45 HPs)
             Began as a Minotaur Berserker on June 28, 2016.
             Was a Follower of Trog.
             Killed from afar by an orc wizard (13 damage)
             ... with a puff of flame
             ... on level 5 of the Dungeon.
             The game lasted 00:02:35 (393 turns).

Implojin the Chopper (Minotaur Berserker)            Turns: 393, Time: 00:02:36

Health: -4/45      AC:  2    Str: 21    XL:     5   Next: 15%
Magic:  4/4        EV: 12    Int:  4    God:    Trog [*.....]
Gold:   53         SH:  0    Dex: 11    Spells: 0 memorised, 4 levels left

rFire  . . .     SeeInvis .     a - +0 hand axe
rCold  . . .     Gourm    .     b - +0 animal skin
rNeg   . . .     Faith    .     (no shield)
rPois  .         Spirit   .     (helmet restricted)
rElec  .         Dismiss  .     (no cloak)
rCorr  .         Reflect  .     (no gloves)
SustAt .         Harm     .     (no boots)
MR     .....                    (no amulet)
Stlth  +.........               (no ring)
                                (no ring)

@: exhausted, slowed, very slow, not resistant to hostile enchantments, very
unstealthy
A: retaliatory headbutt, horns 2
a: Berserk, Burn Spellbooks, Renounce Religion


You were on level 5 of the Dungeon.
You worshipped Trog.
Trog was aware of your devotion.
You were very hungry.

You visited 1 branch of the dungeon, and saw 5 of its levels.

You collected 53 gold pieces.

Inventory:

Hand Weapons
 a - a +0 hand axe (weapon)
Armour
 b - a +0 animal skin (worn)
Scrolls
 e - a scroll of recharging {unknown}
 i - a scroll of identify {unknown}
 j - a scroll of fog
 k - a scroll of enchant weapon {unknown}
 n - a scroll of remove curse {unknown}
 o - a scroll of immolation {unknown}
 q - a scroll of random uselessness {unknown}
Potions
 d - a potion of beneficial mutation {unknown}
 f - a potion of curing
 l - a potion of cure mutation {unknown}
 m - a potion of lignification {unknown}
Comestibles
 c - a bread ration
 g - 11 chunks of flesh
 p - a beef jerky
 r - a slice of pizza


   Skills:
 - Level 3.6 Fighting
 * Level 7.1 Axes
 - Level 2.4 Armour
 - Level 2.1 Dodging


You had 4 spell levels left.
You didn't know any spells.

Dungeon Overview and Level Annotations

Branches:
Dungeon (5/15)
 Temple: D:4-7

Altars:


Innate Abilities, Weirdness & Mutations

You reflexively headbutt those who attack you in melee.
You have a pair of horns on your head.


Message History

* * * LOW HITPOINT WARNING * * *
You miss the adder. You barely miss something. The adder bites you.
* * * LOW HITPOINT WARNING * * *
You are poisoned.
The adder poisons you! Something hits you but does no damage.
You hit the adder. You headbutt the adder!
You kill the adder!
Trog accepts your kill.
You barely miss something.
You feel sick.
You closely miss something. You headbutt something.
You are no longer berserk.
You are exhausted.
You feel yourself slow down.
You are feeling very hungry.
Something hits you.
* * * LOW HITPOINT WARNING * * *
Something hits you but does no damage.
You miss something.
You feel sick. Something hits you but does no damage. Something hits you.
* * * LOW HITPOINT WARNING * * *
You barely miss something. You headbutt something.
You feel sick. Something hits you but does no damage.
You hear some strange, mumbled words.
A puff of flame appears from out of thin air!
The puff of flame misses you.
Unknown command.
You closely miss something. You headbutt something. Something hits you.
* * * LOW HITPOINT WARNING * * *
Something hits you.
* * * LOW HITPOINT WARNING * * *
It was a potion of curing.
You feel better. Something hits you but does no damage.
Something barely misses you.
You closely miss something. Your headbutt misses something. Something hits you.
* * * LOW HITPOINT WARNING * * *
Something hits you.
* * * LOW HITPOINT WARNING * * *
You hear some strange, mumbled words.
A puff of flame appears from out of thin air!
The puff of flame hits you!
You die...

#......>.
#...$...
#......
#.....
##....
#..$.
#.{########
#@........
#)).......
#.........
#<........
#.........
##########


There were no monsters in sight!

Vanquished Creatures
  An ogre (D:4)
  A hound skeleton (D:4)
  4 adders
  An adder skeleton (D:4)
  A dart slug (D:1)
  A giant gecko (D:4)
  2 orcs (D:5)
  3 hobgoblins
  A bat (D:1)
  A giant newt (D:2)
  A goblin (D:2)
  2 rats
19 creatures vanquished.

Notes
Turn   | Place    | Note
--------------------------------------------------------------
     0 | D:1      | Implojin the Minotaur Berserker began the quest for the Orb.
     0 | D:1      | Reached XP level 1. HP: 19/19 MP: 0/0
   164 | D:1      | Reached skill level 4 in Axes
   223 | D:3      | Reached XP level 2. HP: 22/26 MP: 1/1
   285 | D:4      | Reached skill level 5 in Axes
   285 | D:4      | Reached XP level 3. HP: 23/31 MP: 2/2
   324 | D:4      | Noticed an ogre
   330 | D:4      | Killed an ogre
   330 | D:4      | Reached skill level 6 in Axes
   330 | D:4      | Reached XP level 4. HP: 34/39 MP: 3/3
   371 | D:5      | Entered Level 5 of the Dungeon
   380 | D:5      | Reached XP level 5. HP: 45/45 MP: 4/4
   381 | D:5      | Reached skill level 7 in Axes
   393 | D:5      | Killed from afar by an orc wizard

Vault maps used:
D:1:      sevenhm_arrival_forest_fort_small_5
D:2:      nicolae_qazlal_eye_of_the_storm
D:3:      ecumenical_altar_1, uniq_sigmund
D:4:      lemuel_doored_altar
D:5:      ashenzari_conservatory_becter, makhleb_grotto_becter, first_bread,
          serial_shops, shop

Skill      XL: |  1  2  3  4  5 |
---------------+----------------+-----
Axes           | 4 5 6 7 |  7.1
Fighting       | |  3.6
Armour         | |  2.4
Dodging        | |  2.1

Action                   |  1- 3 |  4- 6 || total
-------------------------+-------+-------++-------
Melee: Hand axe          |    22 |    15 ||    37
       Headbutt          |     3 |     4 ||     7
Invok: Berserk           |     2 |     1 ||     3
  Use: Scroll            |       |     2 ||     2
       Potion            |       |     1 ||     1
 Stab: Sleeping          |     1 |       ||     1
Armor: Animal skin       |     3 |     3 ||     6
Dodge: Dodged            |    15 |     7 ||    22

Table legend:
 A = Turns spent in this place as a percentage of turns spent in the entire game.
 B = Non-inter-level travel turns spent in this place as a percentage of non-inter-level travel turns spent in the entire game.
 C = Inter-level travel turns spent in this place as a percentage of turns spent in this place.
 D = Turns resting spent in this place as a percentage of non-inter-level travel turns spent in this place.
 E = Turns spent auto-exploring this place as a percentage of non-inter-level travel turns spent in this place.
 F = Non-inter-level travel turns spent in this place divided by the number of levels of this place that you've seen.
                   A       B       C       D       E      F
               +-------+-------+-------+-------+-------+----------------------
         Total | 100.0 | 100.0 |   0.0 |   0.9 |   0.0 |  69.6
       Dungeon | 100.0 | 100.0 |   0.0 |   0.9 |   0.0 |  69.6
               +-------+-------+-------+-------+-------+----------------------

Table legend:
 A = Kills in this place as a percentage of kills in entire the game.
 B = Kills by you in this place as a percentage of kills by you in the entire game.
 C = Kills by friends in this place as a percentage of kills by friends in the entire game.
 D = Other kills in this place as a percentage of other kills in the entire game.
 E = Experience gained in this place as a percentage of experience gained in the entire game.
 F = Experience gained in this place divided by the number of levels of this place that you have seen.
                   A       B       C       D       E      F
               +-------+-------+-------+-------+-------+----------------------
         Total | 100.0 | 100.0 |  -nan |  -nan | 100.0 |  44.8
       Dungeon | 100.0 | 100.0 |  -nan |  -nan | 100.0 |  44.8
               +-------+-------+-------+-------+-------+----------------------
